 Dungeon Crawl Stone Soup version 0.32-a0-42-ga30500b4d3 (webtiles) character file.

Game seed: 15431067787827319777

12513 Ambrosia the Blocker (level 11, -2/80 HPs)
             Began as a Demonspawn Fighter on Feb 2, 2024.
             Was a Follower of Hepliaklqana.
             Killed from afar by a molten gargoyle (11 damage)
             ... with a bolt of magma
             ... in a volcano.
             The game lasted 00:31:51 (13563 turns).

Ambrosia the Blocker (Demonspawn Fighter)          Turns: 13563, Time: 00:31:52

Health: -2/80      AC: 16    Str: 20    XL:     11   Next: 63%
Magic:  0/11       EV:  8    Int:  9    God:    Hepliaklqana [*.....]
Gold:   971        SH:  7    Dex: 13    Spells: 10/10 levels left

rFire   . . .        a - +1 trident
rCold   + . .        c - +0 buckler
rNeg    + . .        v - +0 chain mail {Will+}
rPois   .            h - +1 helmet
rElec   .            A - scarf {+Inv}
rCorr   .            m - +0 pair of gloves
SInv    .            (no boots)
Will    +....        k - amulet of guardian spirit Stlth
                     e - ring of positive energy {rN+}
HPRegen 0.33/turn    C - ring of protection from cold {rC+}
MPRegen 0.12/turn

%: guardian spirit
@: no status effects
A: reduced essence, claws 1, icemail 2, spiny 2, sharp scales 2, condensation
shield
a: Renounce Religion, Evoke Invisibility, Recall Ancestor, Ancestor Identity


You were in a volcano.
You worshipped Hepliaklqana.
Hepliaklqana was aware of your devotion.
You visited 3 branches of the dungeon, and saw 13 of its levels.
You also visited: Sewer and Volcano.

You collected 971 gold pieces.

Inventory:

Hand Weapons
 a - a +1 trident (weapon)
Missiles
 z - a throwing net {=f, !d}
Armour
 c - a +0 buckler (worn)
 h - a +1 helmet (worn)
   (You found it on level 3 of the Dungeon)
 m - a +0 pair of gloves (worn)
   (You found it on level 3 of the Dungeon)
 v - a +0 chain mail of willpower (worn)
   (You took it off a wight on level 7 of the Dungeon)
 A - a scarf of invisibility (worn)
   (You found it on level 9 of the Dungeon)
Jewellery
 e - a ring of positive energy (left hand) {rN+}
   (You found it on level 1 of the Dungeon)
 k - an amulet of guardian spirit (around neck)
   (You found it on level 2 of the Dungeon)
 C - a ring of protection from cold (right hand) {rC+}
   (You found it on level 2 of the Dungeon)
Wands
 b - a wand of light (9)
   (You took it off an orc warrior on level 7 of the Dungeon)
 i - a wand of flame (29)
   (You found it on level 7 of the Dungeon)
 s - a wand of paralysis (8)
   (You took it off Maurice on level 7 of the Dungeon)
Scrolls
 n - 3 scrolls of fog
Potions
 d - a potion of degeneration {!q}
 f - a potion of enlightenment
 j - 5 potions of mutation {!q}
 l - 5 potions of attraction {!q}
 q - a potion of brilliance
 t - 3 potions of resistance


   Skills:
 + Level 9.0 Fighting
 + Level 8.0 Polearms
 + Level 8.3 Armour
 * Level 11.3 Shields


You had 10 spell levels left.
You didn't know any spells.
Your spell library contained the following spells:

 Spells                   Type           Power      Damage    Failure   Level
 Gell's Gravitas          Tloc           0%         N/A       100%        3
 Teleport Other           Tloc           0%         N/A       100%        3
 Dispersal                Tloc           0%         N/A       100%        6
 Haunt                    Necr/Summ      0%         N/A       100%        7
 Borgnjor's Revivificati  Necr           0%         N/A       100%        8
 Death's Door             Necr           0%         N/A       100%        9


Dungeon Overview and Level Annotations

Branches:
Dungeon (11/15) Zot: 23510  Temple (1/1) D:4 Zot: 5978    Lair (1/5) D:8 Zot: 5671
  Sewer (visited)         Volcano (1/1) Zot: 5070
    Orc: D:9-12

Altars:
Ashenzari
Cheibriados
Dithmenos
Fedhas
Gozag
Hepliaklqana
Kikubaaqudgha
Makhleb
Nemelex Xobeh
Okawaru
Qazlal
Ru
Sif Muna
Trog
Uskayaw
Vehumet
Wu Jian
Xom
Yredelemnul

Shops:
D:2 (   D:6 :((*(:

Portals:
Trove: D:11 (give +7 demon trident)

Annotations:
D:6 1 runed translucent door, SkeletorGaming's ghost, novice HOFi
D:9 1 transporter, haplo13's ghost, novice HOFi
Temple 4 transporters


Innate Abilities, Weirdness & Mutations

Your life essence is reduced to manifest your ancestor. (-10% HP)
You have sharp fingernails.
A meltable icy envelope protects you from harm. (AC +0)
You are mostly covered in sharp spines.
You are mostly covered in razor-sharp scales. (AC +2, Slay +2)
A meltable shield of frost defends you. (SH +0)


Message History

Press: ? - help, Dir - move target, f - orc knight
Aim: an orc knight, wielding a +2 dire flail of flaming and wearing a +0 chain mail of fire resistance (purple smoke, lightly wounded, about 35% to evade your +1 trident)
You barely miss the orc knight.
The orc knight is struck by your spines.
The orc knight hits you with a +2 dire flail of flaming.
The orc knight burns you.
You take 1 damage, and have 37/80 hp.
You now have 4/11 mp.
Reach: a) +1 trident
Press: ? - help, Dir - move target, f/p - orc knight
Aim: an orc knight, wielding a +2 dire flail of flaming and wearing a +0 chain mail of fire resistance (purple smoke, moderately wounded, about 35% to evade your +1 trident)
You closely miss the orc knight. You block the orc knight's attack.
Reach: a) +1 trident
Press: ? - help, Dir - move target, f/p - orc knight
Aim: an orc knight, wielding a +2 dire flail of flaming and wearing a +0 chain mail of fire resistance (purple smoke, moderately wounded, about 35% to evade your +1 trident)
You closely miss the orc knight.
The orc knight hits you with a +2 dire flail of flaming.
The orc knight burns you.
You take 6 damage, and have 31/80 hp.
Reach: a) +1 trident
Press: ? - help, Dir - move target, f/p - orc knight
Aim: an orc knight, wielding a +2 dire flail of flaming and wearing a +0 chain mail of fire resistance (purple smoke, moderately wounded, about 35% to evade your +1 trident)
You barely miss the orc knight.
The orc knight hits you with a +2 dire flail of flaming.
The orc knight burns you.
* * * LOW HITPOINT WARNING * * *
You take 7 damage, and have 24/80 hp.
You now have 3/11 mp.
Reach: a) +1 trident
Press: ? - help, Dir - move target, f/p - orc knight
Aim: an orc knight, wielding a +2 dire flail of flaming and wearing a +0 chain mail of fire resistance (purple smoke, moderately wounded, about 35% to evade your +1 trident)
You puncture the orc knight!
The orc knight hits you with a +2 dire flail of flaming!
* * * LOW HITPOINT WARNING * * *
The orc knight burns you.
* * * LOW HITPOINT WARNING * * *
You take 13 damage, and have 11/80 hp.
You now have 1/11 mp.
Okay, then.
As you read the scroll of fear, it crumbles to dust.
You assume a fearsome visage.
The orc knight looks frightened!
You feel better.
You regained 8 hp, and now have 20/80 hp.
Really read
g - 2 scrolls of teleportation {!r!d, @r3}?
As you read the scroll of teleportation {!r!d, @r3}, it crumbles to dust.
You feel strangely unstable.
Unknown command.
You start resting.
Your surroundings suddenly seem different.
Unknown command.
My EGirl GF emerges from the mists of memory!
Something hits My EGirl GF!
Something burns My EGirl GF.
Reach: a) +1 trident
Press: ? - help, Dir - move target, f - you
Okay, then.
Really read
g - a scroll of teleportation {!r!d, @r3}?
As you read the scroll of teleportation {!r!d, @r3}, it crumbles to dust.
You feel strangely unstable.
My EGirl GF barely misses the orc knight.
You enter the shallow water.
Moving in this stuff is going to be slow.
Something hits My EGirl GF.
Something burns My EGirl GF.
Your surroundings suddenly seem different.
My EGirl GF has departed this plane of existence.
You see here 5 large rocks {!d}.
You start resting.
Your icy envelope is restored.
You start resting.
My EGirl GF emerges from the mists of memory!
You regained 13 hp, and now have 44/80 hp.
You regained 4 mp, and now have 9/11 mp.
You start resting.
Health restored: 80; MP restored: 11 You see here a +1 mace of protection.
There is a large open door here.
A molten gargoyle comes into view. It is wielding a +0 mace.
A molten gargoyle comes into view. It is wielding a +0 dire flail.
The molten gargoyle blasts magma at you!
The bolt of magma misses My EGirl GF.
The bolt of magma hits you!
Your icy defences dissipate!
The molten gargoyle blasts magma at you!
The bolt of magma hits My EGirl GF!!
My EGirl GF partially resists.
The bolt of magma hits you!!
You take 24 damage, and have 56/80 hp.
MASSIVE DAMAGE!!
You now have 7/11 mp.
The molten gargoyle blasts magma at you!
The bolt of magma hits My EGirl GF.
My EGirl GF partially resists.
The bolt of magma hits you!
The molten gargoyle blasts magma at you!
The bolt of magma hits My EGirl GF.
My EGirl GF partially resists.
The bolt of magma hits you!!!
* * * LOW HITPOINT WARNING * * *
The molten gargoyle blasts magma at you!
The bolt of magma hits My EGirl GF!!
My EGirl GF partially resists.
My EGirl GF is destroyed!
You take 48 damage, and have 8/80 hp.
MASSIVE DAMAGE!!
You now have 1/11 mp.
There is a large open door here.
The molten gargoyle blasts magma at you!
The bolt of magma hits you!
You die...

#....#~~§§~~~# #...#~§§§~~~#
#...#~~~~~~# #....#~~~~#
####..#~~~# ##9..#.# ##9...#
############''##
#...........@.# ...
#.....).......# ..
#..###'##'######### #. #..#
#.##)# #8...8# #. #.(# ######
#..o..# #.
###..##########.....##########.
#~~......).......⌠.......).....
#~~............8...8....o..R...
###############.....###########


You could see 2 molten gargoyles.

Vanquished Creatures
  2 two-headed ogres (D:9 D:11)
  3 cyclopes (D:11 Volcano)
  Maurice (D:7)
  3 gargoyles (Volcano)
  Maggie (D:10)
  An unseen horror zombie (D:9)
  An unseen horror (D:11)
  A troll (D:10)
  Grinder (D:3)
  6 dream sheep (Lair:1)
  Sigmund (D:3)
  A water elemental (D:11)
  9 yaks (D:9 D:10)
  2 acid dragons (D:9 D:11)
  2 black bears (D:6 D:7)
  5 orc warriors (D:7 D:10 D:11)
  An ice beast (D:7)
  4 sky beasts (D:6 D:7)
  An ogre (D:4)
  A kobold brigand (D:11)
  2 gnoll sergeants (D:8 D:9)
  5 bullfrogs (Sewer D:8 D:9 Lair:1)
  4 scorpions (D:4 D:5 D:7)
  6 wights (D:7 D:9)
  14 killer bees (D:7 D:10 D:11)
  5 howler monkeys (D:6 D:8 D:9)
  An electric eel (D:11)
  A lava snake (D:7)
  A bombardier beetle (D:3)
  A centaur zombie (D:9)
  6 orc priests (D:6 D:9 D:10 D:11)
  Crazy Yiuf (D:7)
  A gnoll bouda (D:9)
  A jelly (D:6)
  6 hounds (D:4 D:5 D:6 D:7)
  2 sleepcaps (D:4 D:8)
  Terence (D:2)
  3 iguanas (D:6)
  8 orc wizards (D:7 D:8 D:11)
  Robin (D:4)
  12 gnolls (D:8 D:9)
  15 adders (D:2 D:5 D:4 D:6 Sewer)
  2 river rats (Sewer)
  A white imp (D:7)
  2 dart slugs (D:1)
  2 ribbon worms (D:2 D:3)
  41 orcs (D:5 D:6 D:7 D:8 D:9)
  12 ball pythons (D:1 D:3 D:4 Sewer)
  9 endoplasms (D:1 D:2 D:4 Sewer)
  5 giant cockroaches (D:2 D:6)
  19 goblins (D:1 D:2 D:4 D:5 D:7)
  14 hobgoblins (D:1 D:2 D:5 D:4)
  8 jackals (D:1 D:2)
  4 quokkas (D:1 D:2 D:4)
  7 bats (D:1 D:2)
  5 kobolds (D:1 D:3 D:4 D:11)
  21 rats (D:1 Sewer)
296 creatures vanquished.

Vanquished Creatures (collateral kills)
  2 yaks (D:10)
  2 killer bees (D:10)
  An orc priest (D:11)
  4 orcs (D:11)
  4 kobolds (D:11)
13 creatures vanquished.

Vanquished Creatures (others)
  15 ancestors (D:10 D:11 Lair:1 Volcano)
  A white imp (D:7)
  An orc (D:7)
17 creatures vanquished.

Grand Total: 326 creatures vanquished

Notes
Turn   | Place    | Note
-------+----------+-------------------------------------------
     0 | D:1      | Ambrosia the Demonspawn Fighter began the quest for the
                  | Orb.
     0 | D:1      | Reached XP level 1. HP: 18/18 MP: 1/1
   191 | D:1      | Gained mutation: You are partially covered in sharp spines.
                  | [demonic ancestry]
   191 | D:1      | Reached XP level 2. HP: 24/24 MP: 2/2
   196 | D:1      | Reached skill level 2 in Polearms
   196 | D:1      | Reached skill level 3 in Shields
   416 | D:1      | Found a faded altar of an unknown god.
   594 | D:1      | Reached skill level 3 in Armour
   594 | D:1      | Gained mutation: You have sharp fingernails. [demonic
                  | ancestry]
   594 | D:1      | Reached XP level 3. HP: 29/29 MP: 3/3
  1026 | D:2      | Found Nifo's Weapon Boutique.
  1127 | D:2      | Reached XP level 4. HP: 32/35 MP: 4/4
  1280 | D:2      | Noticed Terence
  1288 | D:2      | Killed Terence
  1666 | D:3      | Noticed Grinder
  1895 | D:3      | Gained mutation: You are partially covered in razor-sharp
                  | scales. (AC +1, Slay +1) [demonic ancestry]
  1895 | D:3      | Reached XP level 5. HP: 42/42 MP: 5/5
  2052 | D:3      | Killed Grinder
  2053 | D:3      | Reached skill level 4 in Fighting
  2053 | D:3      | Reached skill level 3 in Polearms
  2053 | D:3      | Reached skill level 4 in Shields
  2053 | D:3      | Reached XP level 6. HP: 48/48 MP: 6/6
  2370 | D:3      | Noticed Sigmund
  2395 | D:3      | Killed Sigmund
  2396 | D:3      | Reached skill level 4 in Armour
  2396 | D:3      | Reached skill level 5 in Shields
  2396 | D:3      | Gained mutation: A meltable shield of frost defends you.
                  | (SH +0) [demonic ancestry]
  2396 | D:3      | Reached XP level 7. HP: 45/55 MP: 4/7
  2599 | D:4      | HP: 12/55 [ogre/+0 giant club (29)]
  2600 | D:4      | HP: 1/55 [ogre/+0 giant club (12)]
  2841 | D:4      | HP: 22/55 [ogre/+0 giant club (17)]
  3015 | D:4      | Noticed Robin
  3023 | D:5      | Entered Level 5 of the Dungeon
  3164 | D:4      | Killed Robin
  3374 | D:4      | Found a staircase to the Ecumenical Temple.
  3386 | Temple   | Found a transporter.
  3386 | Temple   | Found a transporter.
  3386 | Temple   | Found a transporter.
  3386 | Temple   | Found a transporter.
  3386 | Temple   | Entered the Ecumenical Temple
  3639 | D:5      | HP: 26/55 [scorpion (4)]
  3644 | D:5      | Reached skill level 5 in Fighting
  3644 | D:5      | Reached skill level 4 in Polearms
  3907 | D:5      | Found a broken altar of Ashenzari.
  3920 | D:5      | Found an opulent altar of Gozag.
  3931 | D:5      | Identified the +5 whip "Caopluam" {elec, Dex+3 SInv}
  4046 | D:5      | Found a radiant altar of Vehumet.
  4235 | D:5      | Reached skill level 6 in Shields
  4235 | D:5      | Gained mutation: You are mostly covered in razor-sharp
                  | scales. (AC +2, Slay +2) [demonic ancestry]
  4235 | D:5      | Reached XP level 8. HP: 61/62 MP: 8/8
  4452 | D:6      | Found Hommul's Assorted Antiques.
  4488 | D:6      | Found Itreupro's Weapon Shop.
  4522 | D:6      | Found Orazxunu's Book Emporium.
  4584 | D:6      | Found a glowing drain.
  4595 | Sewer    | Entered a sewer
  4899 | Sewer    | Reached skill level 5 in Armour
  5016 | D:6      | Identified the +3 leather armour of the Jabberwock {Dex+4}
  5055 | D:6      | Found Riysus Oditi's Antique Weapon Boutique.
  5161 | D:6      | Found a runed translucent door.
  5168 | D:6      | Noticed SkeletorGaming's ghost (novice HOFi)
  5178 | D:6      | Found a transporter.
  5193 | D:6      | Found Elosyank's Antique Weapon Shoppe.
  5203 | D:6      | HP: 29/63 [black bear (5)]
  5216 | D:6      | Reached skill level 7 in Shields
  5246 | D:6      | Found a transporter.
  5353 | D:6      | Found Marot's Tiny Tomes.
  5690 | D:7      | Noticed Maurice
  5690 | D:7      | Paralysed by Maurice for 3 turns
  6006 | D:7      | Reached skill level 5 in Polearms
  6082 | D:7      | Paralysed by something for 5 turns
  6088 | D:7      | Something stole 342 gold
  6101 | D:7      | Killed Maurice
  6102 | D:7      | Reached skill level 6 in Fighting
  6102 | D:7      | Gained mutation: A meltable icy envelope protects you from
                  | harm. (AC +0) [demonic ancestry]
  6102 | D:7      | Reached XP level 9. HP: 45/69 MP: 4/9
  6688 | D:7      | Reached skill level 8 in Shields
  6724 | D:7      | Reached skill level 6 in Armour
  6754 | D:7      | HP: 35/71 [orc warrior/bolt of light (11)]
  6759 | D:7      | HP: 30/71 [orc warrior/bolt of light (6)]
  6764 | D:7      | HP: 26/71 [orc warrior/+0 mace (3)]
  7316 | D:7      | Found a runed translucent door.
  7317 | D:7      | Noticed Crazy Yiuf
  7329 | D:7      | Killed Crazy Yiuf
  7625 | D:8      | Found a staircase to the Lair.
  7827 | D:8      | Found a hazy altar of Hepliaklqana.
  7833 | D:8      | Became a worshipper of Hepliaklqana the Forgotten
  8238 | D:9      | Found a transporter.
  8239 | D:9      | Noticed haplo13's ghost (novice HOFi)
  8252 | D:9      | Reached skill level 6 in Polearms
  8263 | D:9      | Found a transporter.
  8268 | D:9      | Reached skill level 7 in Fighting
  8468 | D:9      | Gained mutation: You are mostly covered in sharp spines.
                  | [demonic ancestry]
  8468 | D:9      | Reached XP level 10. HP: 51/79 MP: 8/10
  8471 | D:9      | Reached skill level 9 in Shields
  8627 | D:9      | Found a shimmering blue altar of Sif Muna.
  8742 | D:9      | Found a basalt altar of Yredelemnul.
  8760 | D:9      | Noticed a two-headed ogre
  8764 | D:9      | You fall into a shaft and drop 2 floors!
  8805 | D:10     | Entered Level 10 of the Dungeon
  8823 | D:9      | Found a shimmering altar of Xom.
  8858 | D:9      | Found a shimmering altar of Xom.
  8858 | D:9      | Found a shimmering altar of Xom.
  8858 | D:9      | Found a shimmering altar of Xom.
  9117 | D:9      | Found a shimmering altar of Xom.
  9236 | D:9      | Found a shadowy altar of Dithmenos.
  9522 | D:9      | Killed a two-headed ogre
  9523 | D:9      | Reached skill level 7 in Armour
 10007 | D:10     | Noticed Maggie
 10025 | D:10     | HP: 34/80 [Maggie/bolt of fire (14)]
 10030 | D:10     | Killed Maggie
 10031 | D:10     | Reached skill level 10 in Shields
 10225 | D:10     | Reached * piety under Hepliaklqana
 10241 | D:10     | Reached skill level 7 in Polearms
 10242 | D:10     | Reached skill level 8 in Fighting
 10580 | D:10     | Ambrosia: see
 10580 | D:10     | elongatedgoose: L
 10580 | D:10     | Ambrosia: ignore my ancestor
 10582 | D:10     | elongatedgoose: BRRUHHHHHHHHHHHHHHHH
 10582 | D:10     | Ambrosia: hehe now u can't see
 10582 | D:10     | Ambrosia: shit yes u can
 10589 | D:10     | Ambrosia: hehe
 10632 | D:11     | Ambrosia: egirl go
 10632 | D:11     | Ambrosia: fking pokemon time
 10679 | D:11     | elongatedgoose: fml
 10686 | D:11     | Gained mutation: A meltable icy envelope protects you from
                  | harm. (AC +0) [demonic ancestry]
 10686 | D:11     | Reached XP level 11. HP: 53/77 MP: 7/11
 10734 | D:11     | Ambrosia: mlf
 10734 | D:11     | Ambrosia: milf
 10734 | D:11     | Ambrosia: wait no
 10734 | D:11     | elongatedgoose: waman
 10734 | D:11     | Ambrosia: ur a milf
 10866 | D:11     | elongatedgoose: wowser
 11037 | D:11     | Noticed a two-headed ogre
 11050 | D:11     | Killed a two-headed ogre
 11153 | D:11     | Noticed a boulder beetle
 11174 | D:11     | HP: 27/78 [boulder beetle (13)]
 11177 | D:11     | Ambrosia: serwow
 11179 | D:11     | elongatedgoose: im a milf
 11432 | D:11     | Ambrosia: yes
 11432 | D:11     | elongatedgoose: imma rizz up young men now
 11432 | D:11     | Ambrosia: that's not what milf means bruh
 11453 | D:11     | elongatedgoose: mother id like to fuck
 11453 | D:11     | Ambrosia: LOLLL
 11453 | D:11     | elongatedgoose: milf
 11453 | D:11     | Ambrosia: READ THAT TEXT
 11453 | D:11     | Ambrosia: THE GREEN TEXT BOTTOM LEFT
 11453 | D:11     | Ambrosia: aT THE TOP OF THE TEXT BOX
 11453 | D:11     | elongatedgoose: XD
 11453 | D:11     | Ambrosia: LOOOOOOOOOOOOOOOOOOOOOOOOOOOOOl
 11453 | D:11     | Ambrosia: teehee
 11453 | D:11     | HP: 37/78 [cyclops/large rock (11)]
 11795 | D:11     | elongatedgoose: *goes to do milf activities*
 11797 | D:11     | Ambrosia: milf means man I love feet
 11797 | D:11     | Ambrosia: dumbass
 11813 | D:11     | elongatedgoose: nah
 11835 | D:11     | Ambrosia: ???
 12048 | D:11     | Found a portal to a secret trove of treasure.
 12188 | D:11     | Ambrosia: oh shit why am I at d11
 12188 | D:11     | elongatedgoose: LLLLLLLLLl
 12188 | D:11     | Ambrosia: LAIR IS AT d*
 12188 | D:11     | Ambrosia: D*8
 12188 | D:11     | Ambrosia: LOOOOOOOOOOOOOOOOOOOOOOOOOOOOOOOOL
 12188 | D:11     | Ambrosia: fuck me
 12188 | D:11     | Ambrosia: bruh
 12299 | Lair:1   | Entered Level 1 of the Lair of Beasts
 12455 | Lair:1   | HP: 35/78 [dream sheep (23)]
 12461 | Lair:1   | Reached skill level 8 in Armour
 12463 | Lair:1   | Reached skill level 11 in Shields
 12621 | Lair:1   | Found a dark tunnel.
 12630 | Volcano  | Entered a volcano
 12631 | Volcano  | Ambrosia: this prob a bad idea
 13263 | Volcano  | Reached skill level 9 in Fighting
 13263 | Volcano  | Reached skill level 8 in Polearms
 13306 | Volcano  | Noticed an orc knight
 13348 | Volcano  | HP: 38/80 [orc knight/+2 dire flail of flaming (4)]
 13353 | Volcano  | HP: 14/80 [orc knight/+2 dire flail of flaming (10)]
 13355 | Volcano  | elongatedgoose: loser
 13536 | Volcano  | Ambrosia: erm
 13536 | Volcano  | Ambrosia: I am in a bad spot
 13555 | Volcano  | Noticed an orb of fire
 13558 | Volcano  | HP: 7/80 [molten gargoyle/bolt of magma (34)]
 13563 | Volcano  | Killed from afar by a molten gargoyle

Illustrated notes

Levels and vault maps discovered:
D:1:      lemuel_arrival_muddy, layout_loops_ring,
          chequers_ecumenical_altar_twisty
D:2:      layout_loops_ring, serial_shops, shop, kennysheep_doodads,
          uniq_terence
D:3:      layout_rooms, serial_bayou, serial_bayou_crossing,
          serial_bayou_pond_d, serial_bayou_pond_a, serial_bayou_pond_e,
          uniq_grinder, uniq_sigmund
D:4:      layout_cave_pools, minmay_temple_entry_purple_smoke, uniq_robin
D:5:      layout_cave_pools, mainiacjoe_overflow_paths,
          gammafunk_temple_overflow_forgotten, serial_bayou,
          serial_bayou_pond_e, serial_bayou_pond_e, serial_bayou_lagoon_b,
          serial_bayou_shore_b, serial_bayou_ford_a
D:6:      layout_cave_pools, ebering_ghost_reflecting_pool, serial_column_ruins,
          column_ruins_circle_large, column_ruins_columns_corner,
          column_ruins_grid_1, column_ruins_grid_1,
          column_ruins_corridor_straight, column_ruins_open_tiny,
          column_ruins_open_small, column_ruins_grid_3, gup_sewer_entry_pipe,
          serial_shops, nicolae_shop_just_a_little_nook, shop,
          nicolae_shop_drivethru, shop, nicolae_shop_pleasant_corner_grove,
          minmay_misc_feat_rugged, nicolae_shop_i_like_small_books_too
D:7:      layout_loops_ring, enter_bailey_3, kennysheep_potato,
          uniq_crazy_yiuf_cottage, uniq_maurice
D:8:      layout_loops_cross, nicolae_hepliaklqana_hippocampus, lair_entry_dummy
D:9:      layout_loops_ring, xom_shifter_show, lemuel_zombie_altar_yredelemnul,
          lemuel_round_altar, nicolae_dithmenos_the_darkroom,
          gammafunk_ghost_stat_death
D:10:     layout_roguey, uniq_maggie
D:11:     layout_gridville, erik_orc_2, enter_trove_6
Temple:   hellmonk_temple_divided_pantheon
Lair:1:   layout_loops_ring, nicolae_volcano_entry_lava_flow
Volcano:  hellmonk_zot_springs

Skill      XL: |  1  2  3  4  5  6  7  8  9 10 11 |
---------------+----------------------------------+-----
Polearms       | 2 3 4 5 6 7 8 |  8.0
Shields        | 3 4 5 6 7 8 10 11 | 11.3
Armour         | 3 4 5 6 7 8 |  8.3
Fighting       | 4 5 6 7 8 9 |  9.0

Action                     |  1- 3 |  4- 6 |  7- 9 | 10-12 || total
---------------------------+-------+-------+-------+-------++-------
  Melee: Trident           |   106 |    71 |   527 |   380 ||  1084
 Invoke: Ancestor Identity |       |       |       |     2 ||     2
         Recall Ancestor   |       |       |       |     2 ||     2
  Evoke: Wand              |       |       |    11 |     3 ||    14
    Use: Scroll            |     5 |     1 |     8 |    14 ||    28
         Potion            |       |     4 |     8 |     5 ||    17
   Stab: Paralysed         |       |       |     7 |       ||     7
         Invisible         |       |       |     1 |     2 ||     3
 Armour: Scale mail        |    41 |    25 |    65 |       ||   131
         Chain mail        |       |       |   247 |   208 ||   455
  Dodge: Dodged            |    31 |    14 |   116 |    74 ||   235
  Block: Buckler           |    18 |    11 |   221 |   144 ||   394

Table legend: (Time is in decaauts)
 A = Elapsed time spent in this place.
 B = Non-inter-level travel time spent in this place.
 C = Inter-level travel time spent in this place.
 D = Time resting spent in this place.
 E = Time spent auto-exploring this place.
 F = Levels seen in this place.
 G = Mean time per level.
                   A        B        C        D        E       F      G
               +--------+--------+--------+--------+--------+-----+--------+
         Total |  13687 |  13140 |    547 |   3926 |   6473 |  15 |  912.5 |
       Dungeon |  11980 |  11433 |    547 |   2883 |   6326 |  11 | 1089.1 |
        Temple |     21 |     21 |      0 |      0 |      0 |   1 |   21.0 |
          Lair |    328 |    328 |      0 |    197 |      0 |   1 |  328.0 |
         Sewer |    428 |    428 |      0 |    157 |    147 |   1 |  428.0 |
       Volcano |    928 |    928 |      0 |    688 |      0 |   1 |  928.0 |
               +--------+--------+--------+--------+--------+-----+--------+

Top non-repeatable levels by time:
    D:11: 1673 daAuts
     D:7: 1639 daAuts
     D:9: 1593 daAuts
     D:6: 1149 daAuts
     D:4: 1094 daAuts
     D:2: 989 daAuts
 Volcano: 928 daAuts
     D:1: 820 daAuts
     D:3: 794 daAuts
     D:8: 775 daAuts
    D:10: 747 daAuts
     D:5: 702 daAuts
   Sewer: 428 daAuts
  Lair:1: 328 daAuts
  Temple: 21 daAuts

Levels and vault maps discovered:
D:1:      lemuel_arrival_muddy, layout_loops_ring,
          chequers_ecumenical_altar_twisty
D:2:      layout_loops_ring, serial_shops, shop, kennysheep_doodads,
          uniq_terence
D:3:      layout_rooms, serial_bayou, serial_bayou_crossing,
          serial_bayou_pond_d, serial_bayou_pond_a, serial_bayou_pond_e,
          uniq_grinder, uniq_sigmund
D:4:      layout_cave_pools, minmay_temple_entry_purple_smoke, uniq_robin
D:5:      layout_cave_pools, mainiacjoe_overflow_paths,
          gammafunk_temple_overflow_forgotten, serial_bayou,
          serial_bayou_pond_e, serial_bayou_pond_e, serial_bayou_lagoon_b,
          serial_bayou_shore_b, serial_bayou_ford_a
D:6:      layout_cave_pools, ebering_ghost_reflecting_pool, serial_column_ruins,
          column_ruins_circle_large, column_ruins_columns_corner,
          column_ruins_grid_1, column_ruins_grid_1,
          column_ruins_corridor_straight, column_ruins_open_tiny,
          column_ruins_open_small, column_ruins_grid_3, gup_sewer_entry_pipe,
          serial_shops, nicolae_shop_just_a_little_nook, shop,
          nicolae_shop_drivethru, shop, nicolae_shop_pleasant_corner_grove,
          minmay_misc_feat_rugged, nicolae_shop_i_like_small_books_too
D:7:      layout_loops_ring, enter_bailey_3, kennysheep_potato,
          uniq_crazy_yiuf_cottage, uniq_maurice
D:8:      layout_loops_cross, nicolae_hepliaklqana_hippocampus, lair_entry_dummy
D:9:      layout_loops_ring, xom_shifter_show, lemuel_zombie_altar_yredelemnul,
          lemuel_round_altar, nicolae_dithmenos_the_darkroom,
          gammafunk_ghost_stat_death
D:10:     layout_roguey, uniq_maggie
D:11:     layout_gridville, erik_orc_2, enter_trove_6
Temple:   hellmonk_temple_divided_pantheon
Lair:1:   layout_loops_ring, nicolae_volcano_entry_lava_flow
Volcano:  hellmonk_zot_springs

Table legend: (Time is in decaauts)
 A = Elapsed time spent in this place.
 B = Non-inter-level travel time spent in this place.
 C = Inter-level travel time spent in this place.
 D = Time resting spent in this place.
 E = Time spent auto-exploring this place.
 F = Levels seen in this place.
 G = Mean time per level.
                   A        B        C        D        E       F      G
               +--------+--------+--------+--------+--------+-----+--------+
         Total |  13687 |  13140 |    547 |   3926 |   6473 |  15 |  912.5 |
       Dungeon |  11980 |  11433 |    547 |   2883 |   6326 |  11 | 1089.1 |
        Temple |     21 |     21 |      0 |      0 |      0 |   1 |   21.0 |
          Lair |    328 |    328 |      0 |    197 |      0 |   1 |  328.0 |
         Sewer |    428 |    428 |      0 |    157 |    147 |   1 |  428.0 |
       Volcano |    928 |    928 |      0 |    688 |      0 |   1 |  928.0 |
               +--------+--------+--------+--------+--------+-----+--------+

Top non-repeatable levels by time:
    D:11: 1673 daAuts
     D:7: 1639 daAuts
     D:9: 1593 daAuts
     D:6: 1149 daAuts
     D:4: 1094 daAuts
     D:2: 989 daAuts
 Volcano: 928 daAuts
     D:1: 820 daAuts
     D:3: 794 daAuts
     D:8: 775 daAuts
    D:10: 747 daAuts
     D:5: 702 daAuts
   Sewer: 428 daAuts
  Lair:1: 328 daAuts
  Temple: 21 daAuts

Table legend:
 A = Kills in this place as a percentage of kills in the entire game.
 B = Kills by you in this place as a percentage of kills by you in the entire game.
 C = Kills by friends in this place as a percentage of kills by friends in the entire game.
 D = Other kills in this place as a percentage of other kills in the entire game.
 E = Experience gained in this place as a percentage of experience gained in the entire game.
 F = Experience gained in this place divided by the number of levels of this place that you have seen.
                   A       B       C       D       E      F
               +-------+-------+-------+-------+-------+----------------------
         Total | 100.0 | 100.0 | 100.0 | 100.0 | 100.0 | 1191.7
       Dungeon |  83.9 |  83.1 | 100.0 | 100.0 |  76.4 | 1241.7
          Lair |   2.3 |   2.4 |   0.0 |   0.0 |   9.1 | 1625.0
         Sewer |  12.3 |  12.8 |   0.0 |   0.0 |   1.8 | 323.0
       Volcano |   1.6 |   1.7 |   0.0 |   0.0 |  12.7 | 2269.0
               +-------+-------+-------+-------+-------+----------------------
